 Dungeon Crawl Stone Soup version 0.19-a0-1861-g35def1e (webtiles) character file.

9552 Naow the Severer (level 11, 0/97 HPs)
             Began as a Minotaur Berserker on Oct 12, 2016.
             Was a High Priest of Trog.
             Slain by an unseen horror (4 damage)
             ... on level 11 of the Dungeon.
             The game lasted 00:18:56 (7842 turns).

Naow the Severer (Minotaur Berserker)               Turns: 7842, Time: 00:18:57

Health: 0/97       AC: 20    Str: 22    XL:     11   Next: 24%
Magic:  10/10      EV:  9    Int:  8    God:    Trog [*****.]
Gold:   585        SH:  0    Dex: 15    Spells: 0 memorised, 10 levels left

rFire  + . .     SeeInvis .     a - +0 hand axe
rCold  . . .     Gourm    .     i - +1 plate armour
rNeg   . . .     Faith    .     (no shield)
rPois  .         Spirit   .     (helmet restricted)
rElec  .         Dismiss  .     f - +0 cloak
rCorr  +         Reflect  .     B - +2 pair of gloves {Dex+3}
MR     .....     Harm     .     (no boots)
Stlth  ..........               (no amulet)
                                v - ring of the Octopus King {rF+ AC+1 EV+1 Str+1 Int+1 Dex+1}
                                O - ring of resist corrosion

@: no status effects
A: retaliatory headbutt, horns 2
a: Berserk, Trog's Hand, Brothers in Arms, Burn Spellbooks, Renounce Religion


You were on level 11 of the Dungeon.
You worshipped Trog.
Trog was extremely pleased with you.
You were not hungry.

You visited 1 branch of the dungeon, and saw 13 of its levels.
You also visited: Sewer.

You collected 585 gold pieces.

Inventory:

Hand Weapons
 a - a +0 hand axe (weapon)
 P - a cursed +4 hand axe
Armour
 b - a +0 animal skin
 f - a +0 cloak (worn)
 i - a +1 plate armour (worn)
 B - a +2 pair of gloves of dexterity (worn)
Rods
 y - a +0 iron rod (12/12)
   (You found it on level 4 of the Dungeon)
 M - a +1 iron rod (12/12)
   (You found it on level 10 of the Dungeon)
Jewellery
 d - an uncursed ring of positive energy
 v - a ring of the Octopus King (right hand) {rF+ AC+1 EV+1 Str+1 Int+1 Dex+1}
   (You took it off a kobold in a sewer)

   [ring of protection from fire]

   It affects your AC (+1).
   It affects your evasion (+1).
   It affects your strength (+1).
   It affects your intelligence (+1).
   It affects your dexterity (+1).
   It protects you from fire.
 L - an uncursed ring of wizardry
 O - a ring of resist corrosion (left hand)
Wands
 r - a wand of flame (31/48)
 H - a wand of lightning (8/15)
 I - a wand of paralysis (10/24)
Scrolls
 e - 13 scrolls of identify
 g - 2 scrolls of teleportation
 x - 4 scrolls of blinking
 z - a scroll of immolation
 A - 3 scrolls of random uselessness {unknown}
 C - 2 scrolls of enchant weapon {unknown}
 F - a scroll of recharging {unknown}
 G - 2 scrolls of magic mapping {unknown}
 K - 2 scrolls of fog {unknown}
 R - a scroll of remove curse
 S - a scroll of silence {unknown}
Potions
 h - 4 potions of agility
 j - 2 potions of haste {unknown}
 k - 2 potions of degeneration {unknown}
 l - a potion of cancellation {unknown}
 o - 5 potions of heal wounds {unknown}
 p - a potion of might
 q - 3 potions of brilliance {unknown}
 s - 4 potions of curing {unknown}
 u - a potion of mutation {unknown}
 w - 4 potions of flight {unknown}
 E - a potion of magic {unknown}
Books
 D - a book of Geomancy

   Spells                             Type                      Level
   a - Sandblast                      Earth                        1
   b - Passwall                       Transmutation/Earth          2
   c - Stone Arrow                    Conjuration/Earth            3
   d - Petrify                        Transmutation/Earth          4
   e - Lee's Rapid Deconstruction     Earth                        5
   Trog disapproves of the use of such an item.
 J - a book of Conjurations

   Spells                             Type                      Level
   a - Magic Dart                     Conjuration                  1
   b - Searing Ray                    Conjuration                  2
   c - Dazzling Spray                 Conjuration/Hexes            3
   d - Fulminant Prism                Conjuration/Hexes            4
   e - Iskenderun's Mystic Blast      Conjuration                  4
   f - Iskenderun's Battlesphere      Conjuration/Charms           5
   Trog disapproves of the use of such an item.
 T - a book of Maledictions

   Spells                             Type                      Level
   a - Corona                         Hexes                        1
   b - Ensorcelled Hibernation        Hexes/Ice                    2
   c - Confuse                        Hexes                        3
   d - Tukima's Dance                 Hexes                        3
   e - Dazzling Spray                 Conjuration/Hexes            3
   Trog disapproves of the use of such an item.
Comestibles
 c - 5 bread rations
 m - 6 meat rations
 n - 3 fruits
 t - 8 beef jerkies
 N - a slice of pizza


   Skills:
 - Level 9.0 Fighting
 + Level 16.6 Axes
 - Level 8.4 Armour
 - Level 3.5 Dodging
 - Level 0.3 Stealth


You had 10 spell levels left.
You didn't know any spells.

Dungeon Overview and Level Annotations

Branches:
Dungeon (13/15)            Temple (0/1) D:7            Lair (0/6) D:10
    Orc: D:9-12      Vaults: D:13-14

Altars:
Ashenzari
Cheibriados
Dithmenos
Elyvilon
Okawaru
Qazlal
Ru
Sif Muna
Trog
Vehumet
Xom

Shops:
D:6 }%?*


Innate Abilities, Weirdness & Mutations

You reflexively headbutt those who attack you in melee.
You have a pair of horns on your head.


Message History

Something hits you but does no damage. Something hits you.
* * * LOW HITPOINT WARNING * * *
You miss something.
Something hits you but does no damage. x2
You slash something! Your headbutt misses something.
Something hits you but does no damage.
You hit something but do no damage. Something hits you but does no damage.
You miss something. Something hits you but does no damage.
Something hits you but does no damage. Something hits you but does no damage.
Something hits you but does no damage.
You hit something. Something hits you but does no damage.
Something hits you but does no damage. Something hits you but does no damage.
You hit something. Something hits you.
* * * LOW HITPOINT WARNING * * *
Something hits you but does no damage. x2
Something hits you.
* * * LOW HITPOINT WARNING * * *
You hit something but do no damage. You headbutt something. Something hits you.
You die...

#..### #.( ##...# #.#####
###.## ####.....# ######.####
#........# #.........#
#........#
########.###.###.####..%.....#
...........#...#...##........#
.#######.#.###.#.#..#........#
## #.#.....#@##..........#
##############........#
##########


There were no monsters in sight!

Vanquished Creatures
  A hill giant (D:11)
  Pikel (D:8)
  The ghost of efeugfuoejbhfjlelj the Covert, a novice SpAs of Trog (D:8)
  A cyclops (D:11)
  3 trolls
  2 hornets
  Grinder (Sewer)
  6 yaks (D:8)
  Grum (D:8)
  A hungry ghost (D:6)
  A soldier ant (D:12)
  2 black bears (D:7)
  4 ice beasts
  4 slaves (D:8)
  An orc warrior (D:9)
  A sky beast (D:7)
  3 ogres
  A phantom (D:5)
  12 centaurs
  2 wolves (D:8)
  3 big kobolds
  6 bullfrogs
  A scorpion (D:6)
  16 killer bees
  5 wights (D:11)
  A howler monkey (D:5)
  2 bullfrog zombies
  3 crimson imps
  A quasit (Sewer)
  3 hounds
  A bullfrog skeleton (D:6)
  A centaur skeleton (D:7)
  11 orc priests
  2 jellies
  8 orc wizards
  2 iguanas (D:8)
  Natasha (thrice) (D:3)
  6 worker ants
  4 big kobold zombies (Sewer)
  A worker ant zombie (D:7)
  Robin (D:3)
  7 adders
  6 gnolls
  2 river rats (D:3)
  7 shadow imps
  An ufetubus (Sewer)
  An ooze (D:5)
  An adder zombie (D:5)
  4 worms
  A dart slug (D:1)
  4 leopard geckos
  34 orcs
  A ball python (D:2)
  6 bats
  6 giant cockroaches
  7 goblins
  10 hobgoblins
  10 jackals
  2 quokkas
  4 frilled lizards
  30 kobolds
  A kobold zombie (Sewer)
  A quokka zombie (D:5)
  11 rats
287 creatures vanquished.

Notes
Turn   | Place    | Note
-------+----------+-------------------------------------------
     0 | D:1      | Naow the Minotaur Berserker began the quest for the Orb.
     0 | D:1      | Reached XP level 1. HP: 19/19 MP: 0/0
    64 | D:1      | Reached skill level 4 in Axes
    64 | D:1      | Reached XP level 2. HP: 20/27 MP: 1/1
   332 | D:1      | You fall through a shaft!
   388 | D:2      | Reached ** piety under Trog
   388 | D:2      | Reached XP level 3. HP: 34/34 MP: 2/2
  1262 | D:3      | Found a sacrificial altar of Ru.
  1274 | D:3      | Noticed Natasha
  1281 | D:3      | Killed Natasha
  1281 | D:3      | Reached XP level 4. HP: 36/41 MP: 3/3
  1290 | D:3      | Noticed Natasha
  1300 | D:3      | Killed Natasha
  1300 | D:3      | Reached skill level 5 in Axes
  1504 | D:3      | Noticed Natasha
  1513 | D:3      | Killed Natasha
  1513 | D:3      | Reached skill level 5 in Fighting
  1513 | D:3      | Reached XP level 5. HP: 38/48 MP: 4/4
  1667 | D:3      | Noticed Robin
  1677 | D:3      | Killed Robin
  1679 | D:3      | Reached *** piety under Trog
  1714 | D:3      | Found a glowing drain.
  1719 | Sewer    | Entered a sewer
  1836 | Sewer    | Reached XP level 6. HP: 23/56 MP: 5/5
  1846 | Sewer    | Reached skill level 6 in Axes
  2056 | Sewer    | Found a burning altar of Makhleb.
  2107 | Sewer    | Got a ring of the Octopus King
  2124 | Sewer    | Noticed Grinder
  2125 | Sewer    | Paralysed by Grinder for 2 turns
  2147 | Sewer    | Paralysed by Grinder for 2 turns
  2158 | Sewer    | HP: 1/57 [Grinder (5)]
  2171 | Sewer    | Killed Grinder
  2171 | Sewer    | Reached skill level 7 in Axes
  2171 | Sewer    | Reached XP level 7. HP: 27/63 MP: 6/6
  2367 | Sewer    | Identified a ring of the Octopus King {rF+ AC+1 EV+1 Str+1 Int+1 Dex+1} (You took it off a kobold in a sewer)
  2407 | D:3      | Reached skill level 8 in Axes
  2632 | D:3      | Reached **** piety under Trog
  3117 | D:4      | Reached skill level 5 in Armour
  3127 | D:4      | Reached XP level 8. HP: 71/71 MP: 7/7
  3135 | D:4      | Reached skill level 9 in Axes
  3613 | D:5      | Entered Level 5 of the Dungeon
  3781 | D:5      | Reached skill level 10 in Axes
  3898 | D:5      | Reached ***** piety under Trog
  3898 | D:5      | Received a gift from Trog
  4343 | D:6      | Found Lekier's Assorted Antiques.
  4359 | D:6      | Found Gexoez's Magic Scroll Shoppe.
  4399 | D:6      | Found a shattered altar of Ashenzari.
  4525 | D:6      | Reached skill level 11 in Axes
  4525 | D:6      | Reached XP level 9. HP: 79/79 MP: 8/8
  4699 | D:6      | Found Higicys's Food Shop.
  4715 | D:6      | Found Yggisuz's Gadget Boutique.
  4857 | D:7      | Found a staircase to the Ecumenical Temple.
  5108 | D:7      | Reached skill level 12 in Axes
  5629 | D:8      | Noticed Pikel
  5640 | D:7      | Paralysed by a hornet for 2 turns
  5938 | D:8      | Killed Pikel
  5938 | D:8      | Reached XP level 10. HP: 81/91 MP: 9/9
  6017 | D:8      | Noticed Grum
  6024 | D:8      | Reached skill level 13 in Axes
  6034 | D:8      | Killed Grum
  6119 | D:8      | Reached skill level 14 in Axes
  6276 | D:8      | Found a deep blue altar of Sif Muna.
  6283 | D:8      | Noticed efeugfuoejbhfjlelj's ghost (novice SpAs)
  6305 | D:8      | Killed efeugfuoejbhfjlelj's ghost
  6327 | D:8      | Found a bloodstained altar of Trog.
  6334 | D:8      | Found an iron altar of Okawaru.
  6335 | D:8      | Found a radiant altar of Vehumet.
  6335 | D:8      | Found a snail-covered altar of Cheibriados.
  6336 | D:8      | Found a white marble altar of Elyvilon.
  6337 | D:8      | Found a stormy altar of Qazlal.
  6342 | D:8      | Found a shadowy altar of Dithmenos.
  6343 | D:8      | Found a shimmering altar of Xom.
  6542 | D:9      | Reached skill level 15 in Axes
  6577 | D:10     | Entered Level 10 of the Dungeon
  6697 | D:10     | Found a staircase to the Lair.
  6710 | D:10     | You fall through a shaft for 3 floors!
  6822 | D:13     | Found a sacrificial altar of Ru.
  6835 | D:13     | Noticed a cyclops
  6836 | D:13     | Noticed a cyclops
  6852 | D:13     | Noticed a purple ugly thing
  6933 | D:12     | Noticed a seven-headed hydra
  7082 | D:11     | Noticed a hill giant
  7090 | D:11     | Killed a hill giant
  7199 | D:11     | Reached XP level 11. HP: 74/97 MP: 10/10
  7237 | D:11     | Reached skill level 16 in Axes
  7330 | D:11     | Reached ****** piety under Trog
  7841 | D:11     | HP: 4/97 [something (6)]
  7842 | D:11     | Slain by an unseen horror

Vault maps used:
D:1:      lightli_arrival_flooded_house, kennysheep_decorative_pillar
D:2:      minmay_door_path
D:3:      nicolae_ru_sacrificial_ziggurat, first_bread, gup_sewer_entry_bowl,
          uniq_natasha, uniq_robin
D:6:      lemuel_doored_altar, serial_shops, shop, nicolae_shop_trees, shop,
          shop
D:7:      grunt_ogre_cave, hex_large, st_stairs_14
D:8:      minitemple, uniq_grum, uniq_pikel
D:9:      kennysheep_ambush_hall, zombieorc2_lemuel, minmay_pinched_square
D:10:     lair_0_dummy
D:11:     lemuel_flamethrower_hall
D:12:     enter_bailey_2, roderic_serpentine_path
D:13:     lightli_vaults_fourway_checkpoint, basic_altar, david_greed
Sewer:    kennysheep_sewer_church

Skill      XL: |  1  2  3  4  5  6  7  8  9 10 11 |
---------------+----------------------------------+-----
Axes           | 4 5 7 8 11 12 15 16 | 16.6
Fighting       | 4 5 6 7 9 |  9.0
Armour         | 3 4 5 6 8 |  8.4
Dodging        | 3 |  3.5
Stealth        | |  0.3

Action                   |  1- 3 |  4- 6 |  7- 9 | 10-12 || total
-------------------------+-------+-------+-------+-------++-------
Melee: Hand axe          |    82 |   176 |   417 |   290 ||   965
       Headbutt          |    17 |    28 |   102 |    69 ||   216
Invok: Berserk           |     1 |     3 |     5 |     8 ||    17
       Trog's Hand       |       |     1 |       |     3 ||     4
  Use: Scroll            |       |       |     7 |       ||     7
  Eat: Chunk             |     2 |     5 |    19 |    13 ||    39
       Bread ration      |       |       |       |     1 ||     1
Armor: Animal skin       |    15 |       |       |       ||    15
       Plate armour      |    18 |   129 |   214 |   284 ||   645
Dodge: Dodged            |    37 |    74 |   126 |    93 ||   330
